 Dungeon Crawl Stone Soup version 0.31-a0-175-g9f7f995f2b (webtiles) character file.

Game seed: 4739034228457521618

248 qw the Shooter (level 6, -6/56 HPs)
             Began as a Naga Hunter on June 17, 2023.
             Mangled by a gnoll
             ... wielding a +0 halberd
              (8 damage)
             ... on level 4 of the Dungeon.
             The game lasted 00:01:01 (2996 turns).

qw the Shooter (Naga Hunter)                        Turns: 2996, Time: 00:01:02

Health: -6/56      AC:  3    Str: 14    XL:     6   Next: 12%
Magic:  6/6        EV:  9    Int:  9    God:
Gold:   175        SH:  0    Dex: 16    Spells: 5/5 levels left

rFire   . . .        Y - +1 shortbow
rCold   . . .        (shield currently unavailable)
rNeg    . . .        c - +0 leather armour
rPois   +            (no helmet)
rElec   .            (no cloak)
rCorr   .            (no gloves)
SInv    +            (no barding)
Will    .....        (no amulet)
Stlth   ++           (no ring)
HPRegen 0.29/turn    (no ring)
MPRegen 0.10/turn

%: no passive effects
@: lethally poisoned (-6 -> -7), about to teleport, very slow
A: AC +2, large, see invisible, deformed body, poison resistance, slowness 2,
spit poison 1, naga tail 1
a: Spit Poison


You were on level 4 of the Dungeon.
You visited 1 branch of the dungeon, and saw 4 of its levels.

You collected 175 gold pieces.


Innate Abilities, Weirdness & Mutations

Your serpentine skin is tough. (AC +2)
You have supernaturally acute eyesight. (SInv)
Armour fits poorly on your strangely shaped body.
Your system is resistant to poisons. (rPois)
You cover ground very slowly.
You can spit poison.
You have a snake-like lower body.


   Skills:
 + Level 3.3 Fighting
 - Level 6.0 Ranged Weapons
 - Level 1.5 Dodging
 - Level 1.5 Stealth


You had 5 spell levels left.
You didn't know any spells.
Your spell library was empty.

Inventory:

Hand Weapons
 Y - a +1 shortbow (weapon)
Armour
 c - a +0 leather armour (worn)
Scrolls
 a - 2 scrolls of teleportation
 f - 2 scrolls of identify
 g - a scroll of enchant armour
Potions
 b - a potion of might
 d - a potion of haste {unknown}
 e - 3 potions of curing
 i - a potion of mutation {unknown}

Dungeon Overview and Level Annotations

Branches:
Dungeon (4/15)
 Temple: D:4-7

Altars:
Cheibriados

Shops:
D:3 (   D:4 =


Message History

2991 ||| INVOKING Spit Poison.
Aiming: Spit Poison (1% risk of failure)
Press: ? - help, Shift-Dir - straight line, f/p - orc wizard The splash of poison hits the orc wizard!
The orc wizard is poisoned.
The orc wizard is severely wounded.
The orc wizard hits you with a +2 dagger of venom.
You are poisoned.
You shoot an arrow. The arrow hits the orc wizard.
You kill the orc wizard!
You feel sick. The hound bites you.
You shoot an arrow. The arrow hits the hound!
The hound is heavily wounded.
You feel sick. The hound completely misses you.
The hound bites you but does no damage.
The gnoll hits you from afar with a +0 halberd!
You shoot an arrow. The arrow barely misses the hound.
The arrow hits the orc priest!
The orc priest is heavily wounded.
You feel sick.
You hear a shout!
The hound bites you.
A ball python comes into view.
The gnoll hits you from afar with a +0 halberd.
The hound bites you.
The orc priest calls down the wrath of Beogh upon you.
Beogh smites you!
You hear a shout!
2995 ||| READING 3 scrolls of teleportation.
As you read the scroll of teleportation, it crumbles to dust.
You feel strangely unstable.
You feel sick. The hound bites you. The gnoll barely misses you.
A gnoll comes into view. It is wielding a +0 whip.
You shoot an arrow. The arrow barely misses the hound.
The arrow hits the orc priest.
The orc priest is severely wounded.
You have got your breath back.
You feel sick. The hound bites you. The hound closely misses you.
The gnoll hits you from afar with a +0 halberd!
You die... .....# ....# #.#.# #.#.# #.... ..#g#g.o# .ogo..go#

#h# #@#####
..#
#.....##..#
#####.##..#
#.##..#
#.##..#
#.##..#
###.##..#
#.......#
#.#..)..#


You could see a hound, an orc priest, 2 gnolls and an orc.

Vanquished Creatures
  A jelly (D:4)
  A hound (D:3)
  Jessica (D:2)
  2 orc wizards (D:4)
  4 adders
  A worm (D:2)
  A dart slug (D:2)
  9 orcs
  A ball python (D:1)
  3 bats
  5 endoplasms
  3 giant cockroaches
  8 goblins
  7 hobgoblins
  2 quokkas
  4 frilled lizards
  7 kobolds
  3 rats
63 creatures vanquished.

Notes
Turn   | Place    | Note
-------+----------+-------------------------------------------
     0 | D:1      | qw the Naga Hunter began the quest for the Orb.
     0 | D:1      | Reached XP level 1. HP: 19/19 MP: 1/1
     0 | D:1      | 0 ||| qw: Version: 0.3-a-2-g5ab2908
     0 | D:1      | 0 ||| qw: Game counter: 107
     0 | D:1      | 0 ||| qw: Always use a shield: true
     0 | D:1      | 0 ||| qw: God list: Okawaru
     0 | D:1      | 0 ||| qw: Allow faded altars: false
     0 | D:1      | 0 ||| qw: Do Orc after D:15 true
     0 | D:1      | 0 ||| qw: Do second Lair branch before Depths: true
     0 | D:1      | 0 ||| qw: Lair rune preference: random
     0 | D:1      | 0 ||| qw: Plans: Normal
     0 | D:1      | 0 ||| PLANNING D:1-11
    68 | D:1      | 68 ||| INVOKING Spit Poison.
   147 | D:1      | 147 ||| DROPPING scroll of butterflies.
   220 | D:1      | 220 ||| INVOKING Spit Poison.
   224 | D:1      | 224 ||| INVOKING Spit Poison.
   344 | D:1      | 344 ||| INVOKING Spit Poison.
   424 | D:1      | Reached skill level 4 in Ranged Weapons
   424 | D:1      | Reached XP level 2. HP: 26/26 MP: 2/2
   424 | D:1      | 424 ||| INVOKING Spit Poison.
   432 | D:1      | 432 ||| INVOKING Spit Poison.
   615 | D:1      | 615 ||| INVOKING Spit Poison.
   637 | D:1      | 637 ||| INVOKING Spit Poison.
   730 | D:1      | 730 ||| READING scroll labelled HUALAO ODUNATH.
   731 | D:1      | 731 ||| READING scroll labelled BAMILIAKL DERGH.
   732 | D:1      | 732 ||| READING 2 scrolls labelled LYUCHUK COTU.
   733 | D:1      | 733 ||| READING scroll labelled PIGUJE LOCWEA.
   734 | D:1      | 734 ||| DRINKING 2 glowing silvery potions.
   747 | D:1      | 747 ||| INVOKING Spit Poison.
   883 | D:1      | 883 ||| INVOKING Spit Poison.
  1037 | D:1      | 1037 ||| READING 3 scrolls labelled NOHALORELL.
  1041 | D:1      | 1041 ||| READING scroll labelled YMENGA HISEI.
  1059 | D:2      | 1059 ||| INVOKING Spit Poison.
  1061 | D:2      | 1061 ||| STAIRDANCE
  1064 | D:1      | Reached XP level 3. HP: 23/32 MP: 3/3
  1099 | D:2      | 1099 ||| STAIRDANCE
  1101 | D:1      | 1101 ||| INVOKING Spit Poison.
  1105 | D:1      | 1105 ||| INVOKING Spit Poison.
  1109 | D:1      | 1109 ||| INVOKING Spit Poison.
  1184 | D:2      | 1184 ||| INVOKING Spit Poison.
  1252 | D:2      | 1252 ||| INVOKING Spit Poison.
  1253 | D:2      | 1253 ||| INVOKING Spit Poison.
  1267 | D:2      | 1267 ||| INVOKING Spit Poison.
  1313 | D:2      | 1313 ||| INVOKING Spit Poison.
  1389 | D:2      | 1389 ||| INVOKING Spit Poison.
  1464 | D:2      | 1464 ||| INVOKING Spit Poison.
  1554 | D:2      | Noticed Jessica
  1555 | D:2      | 1555 ||| INVOKING Spit Poison.
  1557 | D:2      | Killed Jessica
  1558 | D:2      | Reached skill level 5 in Ranged Weapons
  1558 | D:2      | Reached XP level 4. HP: 30/39 MP: 4/4
  1624 | D:2      | Found a snail-covered altar of Cheibriados.
  1650 | D:2      | 1650 ||| INVOKING Spit Poison.
  1770 | D:2      | 1770 ||| INVOKING Spit Poison.
  1773 | D:2      | 1773 ||| INVOKING Spit Poison.
  1847 | D:2      | 1847 ||| READING scroll labelled DUILET JIAXZUGOG.
  1871 | D:3      | 1871 ||| INVOKING Spit Poison.
  1875 | D:3      | 1875 ||| STAIRDANCE
  1877 | D:2      | 1877 ||| INVOKING Spit Poison.
  1892 | D:3      | 1892 ||| INVOKING Spit Poison.
  1912 | D:3      | 1912 ||| INVOKING Spit Poison.
  1954 | D:3      | 1954 ||| INVOKING Spit Poison.
  2000 | D:3      | 2000 ||| INVOKING Spit Poison.
  2009 | D:3      | 2009 ||| INVOKING Spit Poison.
  2048 | D:3      | Found Fifirael's Weapon Shop.
  2052 | D:3      | 2052 ||| SHOPLISTING +3 shortbow of draining (224 gold,
                  | have 134).
  2086 | D:3      | 2086 ||| INVOKING Spit Poison.
  2089 | D:3      | 2089 ||| INVOKING Spit Poison.
  2094 | D:3      | 2094 ||| INVOKING Spit Poison.
  2095 | D:3      | Reached XP level 5. HP: 22/48 MP: 5/5
  2099 | D:3      | HP: 10/48 [orc/+0 trident (6)]
  2100 | D:3      | 2100 ||| READING 3 scrolls of teleportation.
  2101 | D:3      | 2101 ||| INVOKING Spit Poison.
  2258 | D:3      | 2258 ||| INVOKING Spit Poison.
  2259 | D:3      | Reached skill level 3 in Fighting
  2264 | D:3      | 2264 ||| INVOKING Spit Poison.
  2490 | D:3      | 2490 ||| INVOKING Spit Poison.
  2611 | D:3      | 2611 ||| READING 2 scrolls of identify.
  2611 | D:3      | 2611 ||| IDENTIFYING fizzy grey potion
  2649 | D:4      | 2649 ||| PLANNING OSSUARY
  2699 | D:4      | 2699 ||| INVOKING Spit Poison.
  2704 | D:4      | 2704 ||| Stepping ~*~*~tactically~*~*~ (outnumbered).
  2705 | D:4      | 2705 ||| Stepping ~*~*~tactically~*~*~ (outnumbered).
  2706 | D:4      | 2706 ||| INVOKING Spit Poison.
  2710 | D:4      | 2710 ||| STAIRDANCE
  2712 | D:3      | 2712 ||| INVOKING Spit Poison.
  2718 | D:3      | 2718 ||| INVOKING Spit Poison.
  2817 | D:4      | 2817 ||| INVOKING Spit Poison.
  2822 | D:4      | 2822 ||| STAIRDANCE
  2824 | D:3      | 2824 ||| INVOKING Spit Poison.
  2849 | D:4      | Found Zeuhiu's Jewellery Boutique.
  2857 | D:4      | 2857 ||| SHOPLISTING +6 ring of strength (432 gold, have
                  | 162).
  2857 | D:4      | 2857 ||| SHOPLISTING amulet of faith (480 gold, have 162).
  2857 | D:4      | 2857 ||| SHOPLISTING ring "Odum" {rC- rN+ rCorr Dex+3
                  | Stlth+} (399 gold, have 162).
  2857 | D:4      | 2857 ||| SHOPLISTING ring of positive energy (240 gold,
                  | have 162).
  2857 | D:4      | 2857 ||| SHOPLISTING ring of resist corrosion (240 gold,
                  | have 162).
  2857 | D:4      | 2857 ||| SHOPLISTING ring of willpower (300 gold, have
                  | 162).
  2887 | D:4      | 2887 ||| INVOKING Spit Poison.
  2922 | D:4      | Reached skill level 6 in Ranged Weapons
  2967 | D:4      | 2967 ||| INVOKING Spit Poison.
  2969 | D:4      | Reached XP level 6. HP: 56/56 MP: 6/6
  2987 | D:4      | 2987 ||| Stepping ~*~*~tactically~*~*~ (outnumbered).
  2988 | D:4      | 2988 ||| INVOKING Spit Poison.
  2991 | D:4      | 2991 ||| INVOKING Spit Poison.
  2994 | D:4      | HP: 9/56 [orc priest/divine providence (14)]
  2995 | D:4      | 2995 ||| READING 3 scrolls of teleportation.
  2996 | D:4      | HP: 4/56 [poisoned by an orc wizard]
  2996 | D:4      | Mangled by a gnoll

Levels and vault maps discovered:
D:1:      matt_arrival_refuge, layout_loops_ring, serial_co_window_serial,
          co_window_corner_a, co_window_cross_1, co_window_of_opportunity_a,
          co_window_corner_a, co_window_corner_a, co_window_paths_a,
          co_window_paths_a, co_window_of_opportunity_c,
          co_window_unsneaky_path_a, co_window_of_opportunity_b,
          co_window_broadway_b, co_window_2corner, co_window_corner_b
D:2:      layout_loops_ring, basic_altar, minmay_tetromino_t2, uniq_jessica,
          uniq_crazy_yiuf_cottage
D:3:      layout_basic, serial_shops, shop
D:4:      layout_loops_ring, kennysheep_slug_shrine, nzn_wu_jian_council_hall,
          serial_shops, shop, enter_ossuary_5

Skill      XL: |  1  2  3  4  5 |
---------------+----------------+-----
Ranged Weapons | 4 5 6 |  6.0
Fighting       | 3 |  3.3
Dodging        | |  1.5
Stealth        | |  1.5

Action                     |  1- 3 |  4- 6 || total
---------------------------+-------+-------++-------
   Fire: Shortbow          |    47 |    71 ||   118
Ability: Spit Poison       |    21 |    27 ||    48
    Use: Scroll            |     6 |     4 ||    10
         Potion            |     1 |       ||     1
 Armour: Leather armour    |     3 |     8 ||    11
  Dodge: Dodged            |    15 |    19 ||    34

Table legend:
 A = Non-vault XP
 B = Vault XP
 C = Vault XP percentage of total XP
 D = Non-vault monster count
 E = Vault monster count
 F = Vault count percentage of total count
                 A         B        C        D         E       F
            +---------+---------+-------+---------+---------+-------
      Total |     312 |      43 |  12.1 |      60 |       3 |   4.8
            +---------+---------+-------+---------+---------+-------
        D:1 |      52 |       0 |   0.0 |      17 |       0 |   0.0
        D:2 |      37 |      43 |  53.8 |      14 |       3 |  17.6
        D:3 |      94 |       0 |   0.0 |      21 |       0 |   0.0
        D:4 |     129 |       0 |   0.0 |       8 |       0 |   0.0
            +---------+---------+-------+---------+---------+-------
